 Seeded DCSS version 0.31-a0-949-g57150269e1 (webtiles) character file.

Game seed: 14731229609316057187 (custom seed)

16 innerfire43 the Shooter (level 2, 0/22 HPs)
             Began as a Demonspawn Hunter on Sept 21, 2023.
             Frozen to death by an endoplasm (1 damage)
             ... on level 1 of the Dungeon on Oct 22, 2023.
             The game lasted 00:00:33 (114 turns).

innerfire43 the Shooter (Demonspawn Hunter)          Turns: 114, Time: 00:00:33

Health: 0/22       AC:  3    Str: 11    XL:     2   Next: 41%
Magic:  2/2        EV: 12    Int: 10    God:
Gold:   15         SH:  0    Dex: 16    Spells: 1/1 levels left

rFire   . . .        a - +0 shortbow
rCold   . . .        (shield currently unavailable)
rNeg    . . .        c - +0 leather armour
rPois   .            (no helmet)
rElec   .            (no cloak)
rCorr   .            (no gloves)
SInv    .            (no boots)
Will    .....        (no amulet)
Stlth   ++           (no ring)
HPRegen 0.23/turn    (no ring)
MPRegen 0.08/turn

%: no passive effects
@: no status effects
A: claws 1
a: no special abilities


You were on level 1 of the Dungeon.
You visited 1 branch of the dungeon, and saw 1 of its levels.

You collected 15 gold pieces.

Inventory:

Hand Weapons
 a - a +0 shortbow (weapon)
Armour
 c - a +0 leather armour (worn)
Scrolls
 b - a scroll of butterflies
 d - a scroll of silence {unknown}
 e - a scroll of fear {unknown}


   Skills:
 + Level 2.2 Fighting
 * Level 3.8 Ranged Weapons
 + Level 2.1 Dodging
 - Level 1.2 Stealth


You had one spell level left.
You didn't know any spells.
Your spell library was empty.

Dungeon Overview and Level Annotations

Branches:
Dungeon (1/15)

Altars:


Innate Abilities, Weirdness & Mutations

You have sharp fingernails.


Message History

The endoplasm freezes you.
You are frozen.
The quokka closely misses you.
There are monsters nearby!
You shoot an arrow. The arrow barely misses the quokka.
The quokka closely misses you. The endoplasm freezes you.
You are frozen.
There are monsters nearby!
You are too injured to fight recklessly!
There are monsters nearby!
You are too injured to fight recklessly!
You are too injured to fight recklessly!
The endoplasm freezes you.
You are frozen.
The quokka barely misses you.
The endoplasm attacks as it pursues you!
The endoplasm misses you. The quokka closely misses you.
You are too injured to fight recklessly!
The endoplasm freezes you.
You are frozen.
* * * LOW HITPOINT WARNING * * *
The quokka attacks as it pursues you!
The quokka bites you but does no damage.
You are too injured to fight recklessly!
You are too injured to fight recklessly!
The quokka barely misses you.
You are too injured to fight recklessly!
You shoot an arrow. The arrow hits the endoplasm.
The endoplasm is moderately wounded.
The endoplasm hits you but does no damage.
The quokka bites you but does no damage.
The endoplasm freezes you.
You are frozen.
* * * LOW HITPOINT WARNING * * *
You see here a +0 dagger.
You shoot an arrow. The arrow closely misses the quokka.
The quokka bites you.
* * * LOW HITPOINT WARNING * * *
The endoplasm freezes you.
You are frozen.
You die...

.# .# .. ########## .##
#........## .)# #..........
#†# #.........# #.#
##.∩..∩..8..
###.#####rJ.........
########....†...@#.........
#........###..####8..∩..♣..
...####### ##.(............
##.....# ######...$.....
..#.##.)# #8..8..∩.. ....#
... #......... P...### .
#......... .♣....###
....∩..♣.. .♣P†.....
#.........


You could see an endoplasm and a quokka.

Vanquished Creatures
  A gnoll (D:1)
  A dart slug (D:1)
  A ball python (D:1)
  A goblin (D:1)
  3 rats (D:1)
7 creatures vanquished.

Notes
Turn   | Place    | Note
-------+----------+-------------------------------------------
     0 | D:1      | innerfire43 the Demonspawn Hunter began the quest for the
                  | Orb.
     0 | D:1      | Reached XP level 1. HP: 16/16 MP: 1/1
     0 | D:1      | Upgraded the game from 0.31-a0-810-ga77100ea1a to
                  | 0.31-a0-949-g57150269e1
    29 | D:1      | Reached skill level 1 in Stealth
    29 | D:1      | Gained mutation: You have sharp fingernails. [demonic
                  | ancestry]
    29 | D:1      | Reached XP level 2. HP: 22/22 MP: 2/2
   114 | D:1      | HP: 1/22 [quokka (3)]
   114 | D:1      | Frozen to death by an endoplasm

Illustrated notes

Levels and vault maps discovered:
D:1:      ncdulo_wetmaze, layout_rooms, hellmonk_ecumenical_altar_arch_garden,
          serial_park_tiny_2

Skill      XL: |  1 |
---------------+----+-----
Dodging        | 2 |  2.1
Stealth        | 1 |  1.2
Fighting       | |  2.2
Ranged Weapons | |  3.8

Action                     || total
---------------------------++-------
   Fire: Shortbow          ||    25
 Armour: Leather armour    ||     6
  Dodge: Dodged            ||    10

Table legend: (Time is in decaauts)
 A = Elapsed time spent in this place.
 B = Non-inter-level travel time spent in this place.
 C = Inter-level travel time spent in this place.
 D = Time resting spent in this place.
 E = Time spent auto-exploring this place.
 F = Levels seen in this place.
 G = Mean time per level.
                   A        B        C        D        E       F      G
               +--------+--------+--------+--------+--------+-----+--------+
         Total |    123 |    123 |      0 |      0 |     76 |   1 |  123.0 |
       Dungeon |    123 |    123 |      0 |      0 |     76 |   1 |  123.0 |
               +--------+--------+--------+--------+--------+-----+--------+

Top non-repeatable levels by time:
     D:1: 123 daAuts
